 Dungeon Crawl Stone Soup version 0.27.0-1-g7a089689b8 (webtiles) character file.

Game seed: 6017523073951421440

77 Sin92 the Shield-Bearer (level 4, -4/40 HPs)
             Began as a Minotaur Fighter on Aug 11, 2021.
             Killed from afar by an orc wizard (14 damage)
             ... with a puff of flame
             ... on level 3 of the Dungeon.
             The game lasted 00:02:05 (2566 turns).

Sin92 the Shield-Bearer (Minotaur Fighter)          Turns: 2566, Time: 00:02:05

Health: -4/40      AC:  8    Str: 21    XL:     4   Next: 13%
Magic:  1/1        EV:  8    Int:  5    God:
Gold:   131        SH:  9    Dex: 10    Spells: 3/3 levels left

rFire    . . .     SeeInvis .   n - +0 flail (antimagic)
rCold    + . .     Faith    .   c - +0 kite shield
rNeg     . . .     Spirit   .   b - +0 scale mail
rPois    .         Reflect  .   (helmet restricted)
rElec    .         Harm     .   (no cloak)
rCorr    .         Rampage  .   o - +0 pair of gloves
Will     .....                  (no boots)
Stlth    ..........             (no amulet)
HPRegen  0.13/turn              j - ring of protection from cold
MPRegen  0.07/turn              (no ring)

@: no status effects
A: horns 2, retaliatory headbutt
a: no special abilities


You were on level 3 of the Dungeon.
You visited 1 branch of the dungeon, and saw 3 of its levels.

You collected 131 gold pieces.

Inventory:

Hand Weapons
 a - a +0 flail
 n - a +0 antimagic flail (weapon)
Armour
 b - a +0 scale mail (worn)
 c - a +0 kite shield (worn)
 o - a +0 pair of gloves (worn)
Jewellery
 j - a ring of protection from cold (left hand)
 q - a ring of ice
Scrolls
 e - a scroll of teleportation
 i - 2 scrolls of amnesia
 k - 2 scrolls of blinking
 m - a scroll of identify {unknown}
 p - a scroll of enchant armour {unknown}
Potions
 d - a potion of might
 f - a potion of curing
 g - 2 potions of haste {unknown}
 h - a potion of ambrosia {unknown}
 l - a potion of mutation {unknown}


   Skills:
 + Level 4.1 Fighting
 + Level 1.4(2.4) Axes
 + Level 3.1(3.2) Maces & Flails
 + Level 4.1 Armour
 + Level 1.5 Dodging
 + Level 4.1 Shields


You had 3 spell levels left.
You didn't know any spells.
Your spell library contained the following spells:

 Spells                   Type           Power      Damage    Failure   Level
 Ozocubu's Armour         Ice            0%         N/A       100%        3
 Ozocubu's Refrigeration  Ice            0%         4d5       100%        7


Dungeon Overview and Level Annotations

Branches:
Dungeon (3/15)

Altars:
Elyvilon

Shops:
D:3 ?


Innate Abilities, Weirdness & Mutations

You have a pair of horns on your head.
You reflexively headbutt those who attack you in melee.


Message History

There is a strange disturbance nearby!
No target in view!
You hear some strange, mumbled words.
Something tries to affect you, but you resist.
Items here: ( )) [[ ††.
Something hits you.
There is an open door here.
You closely miss something. Your headbutt misses something.
Something hits you but does no damage. Something hits you.
You barely miss something. You headbutt something.
Something hits you but does no damage.
You closely miss something. Something hits you.
Something hits you but does no damage.
You closely miss something. Something hits you but does no damage.
You hit something. Your headbutt misses something.
Something hits you but does no damage. x2
You miss something. Something hits you.
You barely miss something. Your headbutt misses something.
You hear some strange, mumbled words.
You are confused.
Something hits you but does no damage.
You bump into the rock wall.
Something hits you but does no damage.
You barely miss something. Your headbutt misses something. Something hits you.
Something hits you but does no damage.
You bump into the rock wall.
Something hits you but does no damage.
You hear some strange, mumbled words.
A puff of flame appears from out of thin air!
The puff of flame hits you.
You closely miss something.
You feel less confused. Something hits you but does no damage.
You hear some strange, mumbled words.
A puff of flame appears from out of thin air!
The puff of flame hits you!
* * * LOW HITPOINT WARNING * * *
It was a potion of curing.
You feel better.
You hear some strange, mumbled words.
A puff of flame appears from out of thin air!
The puff of flame hits you!
You die...

.#.# ##.#.#.#.#.#.# .#.#
#.#.#.#.#.#.# .#.#
#...#.#.#.#.#
.#.############..#.#.#.#.#
.#....................(..#
.##...####.......#.#.#.####
.'.......'..................
.#########.........#...#####
.# #...........{@.<.........
.# #.........#'#.#.#........
.###########.#)#.#.#..######
......... #.#.#.#......
########. #.#.#.#..#####
#.#....... #.....#...
#######..>.


There were no monsters in sight!

Vanquished Creatures
  A gnoll (D:3)
  4 dart slugs
  5 orcs (D:3)
  5 bats
  An endoplasm (D:1)
  2 giant cockroaches (D:3)
  5 goblins
  5 hobgoblins
  3 quokkas
  8 ball pythons
  A ball python zombie (D:3)
  4 frilled lizards
  4 kobolds
  7 rats
55 creatures vanquished.

Notes
Turn   | Place    | Note
-------+----------+-------------------------------------------
     0 | D:1      | Sin92 the Minotaur Fighter began the quest for the Orb.
     0 | D:1      | Reached XP level 1. HP: 19/19 MP: 0/0
   230 | D:1      | Reached XP level 2. HP: 22/27 MP: 1/1
   745 | D:1      | Reached skill level 1 in Axes
   994 | D:2      | Reached skill level 1 in Dodging
  1398 | D:2      | Reached XP level 3. HP: 25/33 MP: 2/2
  1902 | D:3      | Found a white marble altar of Elyvilon.
  1952 | D:3      | Found Pubur's Magic Scroll Boutique.
  2361 | D:3      | Reached XP level 4. HP: 35/40 MP: 1/3
  2478 | D:3      | Found a faded altar of an unknown god.
  2566 | D:3      | Killed from afar by an orc wizard

Illustrated notes

Levels and vault maps discovered:
D:1:      onia_arrival_mini_maze_b, layout_basic
D:2:      layout_loops_ring
D:3:      layout_basic, mainiacjoe_overflow_cross_hatched,
          dilly_ecumenical_altar_fadedgnrine, serial_shops, shop,
          chequers_serial_rivers_micro_d, minmay_fractal_squares_gapless_5

Skill      XL: |  1  2  3 |
---------------+----------+-----
Axes           | 1 |  1.4
Dodging        | 1 |  1.5
Shields        | 4 |  4.1
Fighting       | 4 |  4.1
Maces & Flails | 3 |  3.1
Armour         | 4 |  4.1

Action                   |  1- 3 |  4- 6 || total
-------------------------+-------+-------++-------
Melee: Flail             |   110 |    22 ||   132
       Headbutt          |    16 |     4 ||    20
  Use: Scroll            |     3 |       ||     3
       Potion            |       |     1 ||     1
Armor: Scale mail        |    55 |    22 ||    77
Dodge: Dodged            |    37 |     5 ||    42
Block: Kite shield       |    62 |    10 ||    72
